 Dungeon Crawl Stone Soup version 0.29.1-15-g9cfb28693d (webtiles) character file.

Game seed: 14999428839548376907

18 Ast3rio the Magician (level 2, -3/21 HPs)
             Began as a Djinni Necromancer on Mar 14, 2023.
             Slain by an adder (4 damage)
             ... on level 2 of the Dungeon.
             The game lasted 00:00:59 (555 turns).

Ast3rio the Magician (Djinni Necromancer)            Turns: 555, Time: 00:01:01

Health: -3/21      AC:  2    Str:  7    XL:     2   Next: 90%
Gold:   0          EV: 12    Int: 16    God:
                   SH:  0    Dex: 13

rFire   + + .      SeeInvis .   (no weapon)
rCold   x . .      Faith    .   (no shield)
rNeg    . . .      Spirit   .   a - +0 robe
rPois   ∞          Reflect  .   (no helmet)
rElec   .          Harm     .   (no cloak)
rCorr   .          Rampage  .   (no gloves)
Will    .....                   (boots unavailable)
Stlth   ++........              (no amulet)
HPRegen 0.07/turn               (no ring)
MPRegen 0.00/turn               (no ring)

@: flying, very slightly contaminated
A: sickness immunity, fire resistance 2, cold vulnerability 1, float, innate
caster, HP casting, extra vitality 1
a: no special abilities


You were on level 2 of the Dungeon.
You visited 1 branch of the dungeon, and saw 2 of its levels.

Inventory:

Armour
 a - a +0 robe (worn)
Scrolls
 c - a scroll of fog {unknown}
Potions
 b - a potion of heal wounds {unknown}


   Skills:
 + Level 2.7 Dodging
 + Level 2.0 Stealth
 + Level 3.4 Spellcasting


You couldn't memorise any spells.
You knew the following spells:

 Your Spells              Type           Power      Damage    Failure   Level
a - Necrotise             Necr           52%        1d6       4%          1
b - Vampiric Draining     Necr           13%        2d6       13%         3
c - Animate Dead          Necr           13%        N/A       41%         4
d - Agony                 Necr           13%        N/A       77%         5
Your spell library was empty.

Dungeon Overview and Level Annotations

Branches:
Dungeon (2/15)

Altars:

Shops:
D:1 ?


Innate Abilities, Weirdness & Mutations

You are immune to sickness and miasma.
You are immune to poison.
Your flesh is very heat resistant. (rF++)
You are vulnerable to cold. (rC-)
You float through the air rather than walking.
You learn spells naturally, not from books.
Your magical power is your life essence.
You have superior vitality. (+4 MHP)


Message History

Your bat skeleton barely misses the hobgoblin.
The hobgoblin closely misses your bat skeleton.
You miscast Necrotise.
Nothing appears to happen.
Your bat skeleton hits the hobgoblin but does no damage. x2
The hobgoblin hits your bat skeleton.
Your bat skeleton is destroyed!
The frilled lizard barely misses you. The kobold misses you.
You are too injured to fight recklessly!
Unknown command.
Casting: Necrotise (safe; 4% risk of failure)
Confirm with . or Enter, or press ? or * to list all spells.
Aiming: Necrotise (safe; 4% risk of failure)
Press: ? - help, Shift-Dir - straight line, f/p - hobgoblin
Aim: a hobgoblin (almost dead, not watching you, ally target, chance to affect: 83%)
The hobgoblin writhes in agony.
You kill the hobgoblin!
The dead are walking!
The adder closely misses you. The frilled lizard bites you.
The kobold barely misses you.
Unknown command.
Casting: Necrotise (safe; 4% risk of failure)
Confirm with . or Enter, or press ? or * to list all spells.
Aiming: Necrotise (safe; 4% risk of failure)
Press: ? - help, Shift-Dir - straight line, f - frilled lizard
Aim: a frilled lizard (ally target, chance to affect: 83%)
The frilled lizard barely resists.
* * * LOW HITPOINT WARNING * * *
The adder bites you.
* * * LOW HITPOINT WARNING * * *
The frilled lizard bites you.
* * * LOW HITPOINT WARNING * * *
The kobold barely misses you.
Your ball python skeleton barely misses the frilled lizard.
Your ball python skeleton closely misses the frilled lizard.
The adder attacks as you move away! The adder bites you.
* * * LOW HITPOINT WARNING * * *
The kobold attacks as you move away! The kobold closely misses you.
Your ball python skeleton barely misses the frilled lizard.
Your ball python skeleton completely misses the frilled lizard.
The adder bites you.
You die...

#. #.#..#(#....
###.#########.#..#.#####
...................>.
..............#..#..#
..............####..
..................
..............#.##
..............#.#
......$@Z....$# .
.....ZKSl.....# .#
..............#
.......[......#
..............#
..............#
..............#
..............#
.########+#####


You could see an adder (ally target), a kobold, a frilled lizard (ally target),
a friendly ball python skeleton and a friendly hobgoblin skeleton.

Vanquished Creatures
  A dart slug (D:1)
  A bat (D:2)
  3 endoplasms (D:1)
  A giant cockroach (D:1)
  A goblin (D:1)
  2 hobgoblins
  A kobold (D:1)
  A ball python (D:2)
  2 frilled lizards (D:1)
  A rat (D:1)
14 creatures vanquished.

Vanquished Creatures (collateral kills)
  A frilled lizard (D:1)
1 creature vanquished.

Grand Total: 15 creatures vanquished

Notes
Turn   | Place    | Note
-------+----------+-------------------------------------------
     0 | D:1      | Ast3rio the Djinni Necromancer began the quest for the Orb.
     0 | D:1      | Ast3rio set off with the following spells memorised:
                  | Necrotise, Vampiric Draining, Animate Dead, Agony.
     0 | D:1      | Reached XP level 1. HP: 15/15 MP: 0/0
   170 | D:1      | Reached XP level 2. HP: 17/21 MP: 0/0
   486 | D:1      | Found Saxt's Magic Scroll Shop.
   489 | D:1      | You are sucked into a shaft and drop 1 floor!
   555 | D:2      | HP: 1/21 [adder (1)]
   555 | D:2      | Slain by an adder

Illustrated notes

Levels and vault maps discovered:
D:1:      matt_arrival_grand_opening, layout_rooms, serial_shops, shop,
          serial_forest, infiniplex_forest_end_2, infiniplex_forest_straight_4,
          infiniplex_forest_split, infiniplex_forest_end_3,
          infiniplex_forest_straight_1, infiniplex_forest_clump_C
D:2:      layout_basic, basic_altar, minmay_hedge_maze, grunt_decor_one_mirror,
          dk_vineyard_3, uniq_robin

Skill      XL: |  1  2 |
---------------+-------+-----
Stealth        | 2 |  2.0
Dodging        | |  2.7
Spellcasting   | |  3.4

Action                   || total
-------------------------++-------
 Cast: Necrotise         ||    27
Armor: Robe              ||     2
Dodge: Dodged            ||    13
